 Dungeon Crawl Stone Soup version 0.15-a0-357-g27e906a (console) character file.

517 rchandra the Twirler (level 6, -4/44 HPs)
             Began as a Demonspawn Gladiator on Apr 29, 2014.
             Slain by a gnoll
             ... wielding a +0,+1 flail
              (12 damage)
             ... on Level 2 of the Dungeon.
             The game lasted 00:13:16 (3721 turns).

rchandra the Twirler (Demonspawn Gladiator)         Turns: 3721, Time: 00:13:16

HP  -4/44        AC  8     Str 16      XL: 6   Next: 52%
MP   6/6         EV  8     Int 10      God:
Gold 121         SH  0     Dex 14      Spells:  0 memorised,  5 levels left

rFire  + . .     SeeInvis .     a - +0 quarterstaff
rCold  . . .     Clarity  .     l - +0 scale mail
rNeg   . . .     Conserve .     (no shield)
rPois  .         rCorr    .     c - +0 helmet
rElec  .         rRot     .     (no cloak)
SustAb . .       Spirit   .     p - +0 pair of gloves
rMut   .         Warding  .     (no boots)
Saprov . . .     Stasis   .     (no amulet)
MR     .....                    (no ring)
                                g - ring of protection from fire

@: not resistant to hostile enchantments, unstealthy
A: talons 2, nightstalker 2
a: no special abilities


You were on level 2 of the Dungeon.
You were not hungry.

You visited 1 branch of the dungeon, and saw 3 of its levels.

You collected 121 gold pieces.

Inventory:

Hand weapons
 a - a +0,+0 quarterstaff (weapon)
 i - a +0,+0 dagger of venom
   (You took it off an orc on level 2 of the Dungeon)
 E - a +0,+0 halberd
Missiles
 d - 3 throwing nets (quivered)
 A - 3 tomahawks
Armour
 b - a +0 leather armour
 c - a +0 helmet (worn)
 l - a +0 scale mail (worn)
 p - a +0 pair of gloves (worn)
 y - a +0 scale mail
Comestibles
 f - 5 bread rations
 h - a rambutan
 k - a meat ration
 w - a chunk of gnoll flesh {@w1}
 x - 3 chunks of gnoll flesh {@w1}
 z - a pear
Scrolls
 j - 2 scrolls of enchant weapon II
 n - a scroll of noise {unknown}
 o - a scroll of blinking {unknown}
 q - a scroll of fear {unknown}
 r - a scroll of recharging {unknown}
 s - a scroll of teleportation {unknown}
 t - a scroll of immolation {unknown}
 v - 2 scrolls of identify
 B - a scroll of remove curse {unknown}
Jewellery
 g - a ring of protection from fire (left hand)
   (You took it off an orc priest on level 3 of the Dungeon)
Potions
 e - a potion of degeneration {unknown}
 m - 2 potions of curing
 D - a potion of brilliance {unknown}


   Skills:
 - Level 2.0 Fighting
 + Level 6.8 Staves
 - Level 1.7 Throwing
 - Level 2.6 Dodging


You had 5 spell levels left.
You didn't know any spells.

Dungeon Overview and Level Annotations

Branches:
Dungeon (3/15)

Altars:
Ashenzari
Vehumet

Annotations:
D:3 sigmund in hidden temple, 1 nat left, exclusion: 5 doors, Sigmund


Innate Abilities, Weirdness & Mutations

You have razor-sharp toenails.
You are significantly more attuned to the shadows.


Message History

The gnoll hits you with a spear. The rat bites you.
The gnoll completely misses you.
Huge Dmg: -19%(-8hp) hp: 41%(18hp)
You hit the gnoll. You claw the gnoll, but do no damage.
The gnoll is severely wounded.
The gnoll barely misses you. The rat bites you but does no damage.
The gnoll hits you with a flail.
* * * LOW HITPOINT WARNING * * *
Huge Dmg: -9%(-4hp) hp: 32%(14hp)
You barely miss the gnoll. You claw the gnoll.
The gnoll is almost dead.
The gnoll completely misses you. The rat bites you but does no damage.
You sock the gnoll!
You kill the gnoll!
The gnoll hits you with a flail!
* * * LOW HITPOINT WARNING * * *
The rat bites you but does no damage.
Huge Dmg: -16%(-7hp) hp: 19%(8hp)
You closely miss the gnoll. The gnoll hits you with a flail!
You die...

#....#..#.# #.#
#....#..#.# #.#
#....#..#.# #.#
#....#..#.####.####
#....#.......).....
####....#..#.####.####
#..........#.####.####
#...g)................
#...%ж....##.####.####
#.....r...##.# #.#
#(...........# #.#
#............# #.#
#............# #.#
#............####.####
#.....................
#########....####.####
#........####.##


You could see a gnoll and a rat.

Vanquished Creatures
  A gnoll shaman (D:3)
  2 orc priests (D:2 D:3)
  Natasha (twice) (D:3)
  12 gnolls (D:3 D:2)
  4 adders (D:2 D:3)
  A giant mite (D:2)
  A worm (D:3)
  An adder zombie (D:3)
  An ooze (D:2)
  7 orcs (D:2 D:3)
  7 giant cockroaches (D:1 D:2 D:3)
  5 hobgoblins (D:1 D:2 D:3)
  19 jackals (D:1 D:3)
  4 quokkas (D:2 D:3)
  11 bats (D:1 D:2 D:3)
  4 giant geckos (D:1 D:2 D:3)
  4 giant newts (D:1 D:2 D:3)
  11 goblins (D:1 D:2 D:3)
  7 kobolds (D:1 D:3 D:2)
  11 rats (D:1 D:3)
115 creatures vanquished.

Notes
Turn   | Place    | Note
--------------------------------------------------------------
     0 | D:1      | rchandra, the Demonspawn Gladiator, began the quest for the Orb.
     0 | D:1      | Reached XP level 1. HP: 16/16 MP: 1/1
    76 | D:1      | Reached skill level 3 in Staves
   182 | D:1      | Gained mutation: You have sharp toenails. [demonic ancestry]
   182 | D:1      | Reached XP level 2. HP: 22/22 MP: 2/2
   514 | D:1      | Gained mutation: You are slightly more attuned to the shadows. [demonic ancestry]
   514 | D:1      | Reached XP level 3. HP: 18/27 MP: 3/3
   652 | D:2      | Found a radiant altar of Vehumet.
   680 | D:2      | Reached skill level 4 in Staves
   795 | D:2      | Gained mutation: You are significantly more attuned to the shadows. [demonic ancestry]
   795 | D:2      | Reached XP level 4. HP: 33/33 MP: 4/4
  1149 | D:2      | Huge Dmg: 6 dmg
  1152 | D:2      | Reached skill level 5 in Staves
  1178 | D:2      | Huge Dmg: 4 dmg
  1519 | D:3      | Found a shattered altar of Ashenzari.
  1537 | D:3      | Noticed Natasha
  1545 | D:3      | Huge Dmg: 7 dmg
  1547 | D:3      | Killed Natasha
  1547 | D:3      | Gained mutation: You have razor-sharp toenails. [demonic ancestry]
  1547 | D:3      | Reached XP level 5. HP: 28/38 MP: 5/5
  1800 | D:3      | Noticed Natasha
  1805 | D:3      | Killed Natasha
  2058 | D:3      | Huge Dmg: 15 dmg
  2063 | D:3      | Huge Dmg: 8 dmg
  2305 | D:3      | Huge Dmg: 12 dmg
  2306 | D:3      | Huge Dmg: 8 dmg
  2307 | D:3      | Huge Dmg: 14 dmg
  2310 | D:3      | Reached skill level 6 in Staves
  2530 | D:3      | Noticed Sigmund
  2672 | D:3      | Huge Dmg: 8 dmg
  3012 | D:3      | Reached XP level 6. HP: 35/44 MP: 6/6
  3238 | D:3      | Huge Dmg: 9 dmg
  3240 | D:3      | Huge Dmg: 6 dmg
  3241 | D:3      | Huge Dmg: 6 dmg
  3525 | D:3      | Huge Dmg: 10 dmg
  3526 | D:3      | Huge Dmg: 13 dmg
  3534 | D:3      | Huge Dmg: 5 dmg
  3538 | D:3      | Huge Dmg: 8 dmg
  3717 | D:2      | Huge Dmg: 12 dmg
  3718 | D:2      | Huge Dmg: 8 dmg
  3719 | D:2      | Huge Dmg: 4 dmg
  3721 | D:2      | Huge Dmg: 7 dmg
  3721 | D:2      | Slain by a gnoll

Action                   |  1- 3 |  4- 6 || total
-------------------------+-------+-------++-------
Melee: Quarterstaff      |   100 |   238 ||   338
Throw: Throwing net      |       |     3 ||     3
  Use: Potion            |       |     2 ||     2
       Scroll            |       |     1 ||     1

Vault maps used:
D:1:      ncdulo_smallfort, serial_park_tiny_1
D:2:      vehumet_crystals
D:3:      lemuel_castle_with_subvaults, nicolae_overflow_hidden_temple,
          lemuel_another_geyser, uniq_natasha, uniq_sigmund
